AoeStats
← Crab_King

Nomad

504377830Analyzed
2v2 RM · 28d ago on Sep 5, 2026· 45m 49s· 4 players
Game mode
Random Map
Map size
176×176
Population
200
Speed
Normal
Resources
Standard
Victory
Conquest
Starting age
Dark Age
Ending age
Imperial Age
RankedLock teamsTeams togetherTeam positionsShared explorationLock speedFull tech treeHidden civsTurbo modeCheats
Victory
Defeat
🇨🇳 Italians · China
1010
+15
🇻🇳 Spanish · Vietnam
970
+17
🇺🇸 Vikings · United States
1011
-16
🇺🇸 Byzantines · United States
978
-16
Inflation
15:42 Feudal Age
17:08 Double-Bit Axe
18:35 Horse Collar
19:04 Loom
22:00 Forging
28:11 Castle Age
29:22 Husbandry
31:21 Wheelbarrow
31:39 Scale Barding Armor
35:27 Wheelbarrow
35:03 Stone Mining
39:11 Padded Archer Armor
39:38 Hand Cart
39:06 Elite Skirmisher
39:47 Fletching
40:55 Bodkin Arrow
Crab_King
5:18 Loom
13:27 Feudal Age
14:02 Town Watch
14:06 Double-Bit Axe
14:27 Horse Collar
20:21 Castle Age
18:56 Gold Mining
21:39 Bow Saw
23:03 Fishing Lines
23:36 Heavy Plow
23:41 Fletching
24:28 Bodkin Arrow
26:11 Elite Skirmisher
27:24 Padded Archer Armor
28:06 Stone Mining
31:25 Ballistics
31:45 Leather Archer Armor
37:09 Masonry
41:01 Imperial Age
40:41 Crossbowman
41:45 Bracer
41:30 Arbalester
43:27 Ring Archer Armor
44:02 Chemistry
Daniel
15:13 Feudal Age
21:23 Castle Age
21:05 Fishing Lines
21:42 Loom
25:14 Wheelbarrow
25:08 Double-Bit Axe
25:04 Horse Collar
25:17 Stone Mining
25:23 Stone Mining
28:16 Padded Archer Armor
29:37 Heavy Plow
36:04 Imperial Age
33:56 Leather Archer Armor
33:52 Husbandry
35:22 Hand Cart
35:02 Gold Mining
35:56 Fletching
38:20 Chemistry
37:41 Ballistics
37:53 Ring Archer Armor
37:38 Bloodlines
38:40 Conscription
40:17 Town Watch
39:59 Elite Conquistador
41:48 Bodkin Arrow
42:42 Bracer
42:30 Arrowslits
纳兰大单于
5:28 Loom
14:25 Feudal Age
15:23 Double-Bit Axe
16:13 Horse Collar
20:37 Castle Age
19:21 Stone Mining
25:43 Thumb Ring
27:39 Bow Saw
28:28 Gold Mining
28:46 Crossbowman
32:11 Padded Archer Armor
32:02 Fletching
35:16 Bodkin Arrow
35:38 Leather Archer Armor
37:05 Scale Mail Armor
36:29 Pikeman
43:09 Imperial Age
41:16 Wheelbarrow
40:27 Town Watch
42:35 Ballistics
43:25 Squires
44:48 Conscription
45:06 Ring Archer Armor
44:37 Bracer
45:42 Chemistry
44:28 Arbalester
Connection lost

Rejoining the realm…

Still unreachable

The connection could not be restored.

Session expired

The server has moved on; the page needs a fresh start.